 Dungeon Crawl Stone Soup version 0.23-a0-338-g8ff0b24 (webtiles) character file.

1061 rabbit the Cudgeler (level 8, -2/51 HPs)
             Began as a Gargoyle Berserker on Oct 18, 2018.
             Was a Priest of Trog.
             Slain by an ice beast (7 damage)
             ... on level 5 of the Dungeon.
             The game lasted 00:15:17 (4374 turns).

rabbit the Cudgeler (Gargoyle Berserker)            Turns: 4374, Time: 00:15:18

Health: -2/51      AC: 20    Str: 24    XL:     8   Next: 27%
Magic:  8/8        EV:  4    Int:  9    God:    Trog [***...]
Gold:   32         SH:  8    Dex:  9    Spells: 7/7 levels left

rFire    . . .     SeeInvis .   m - +2 whip (venom)
rCold    . . .     Gourm    .   b - +0 shield
rNeg     + . .     Faith    .   C - +0 plate armour
rPois    ∞         Spirit   .   (no helmet)
rElec    +         Reflect  .   g - +1 cloak
rCorr    .         Harm     .   (no gloves)
MR       .....                  (no boots)
Stlth    ..........             (no amulet)
HPRegen  0.17/turn              n - +2 ring of intelligence
MPRegen  0.11/turn              (no ring)

@: no status effects
A: negative energy resistance 1, electricity resistance, unbreathing,
petrification resistance, rot immunity, AC +5
a: Berserk, Trog's Hand, Renounce Religion


You were on level 5 of the Dungeon.
You worshipped Trog.
Trog was most pleased with you.
You were hungry.

You visited 1 branch of the dungeon, and saw 5 of its levels.

You collected 257 gold pieces.
You spent 225 gold pieces at shops.

Inventory:

Hand Weapons
 k - a +0 war axe
 m - a +2 whip of venom (weapon)
 q - a +1 short sword of holy wrath
Missiles
 f - 202 stones (quivered)
Armour
 b - a +0 shield (worn)
 g - a +1 cloak (worn)
 C - a +0 plate armour (worn)
Jewellery
 n - a +2 ring of intelligence (left hand)
Wands
 y - a wand of iceblast (4)
Scrolls
 a - a scroll of fog
 d - 5 scrolls of identify
 e - 2 scrolls of immolation
 s - 3 scrolls of teleportation
 x - 2 scrolls of amnesia
Potions
 i - 4 potions of curing {unknown}
 j - 3 potions of brilliance {unknown}
 l - a potion of ambrosia {unknown}
 o - 3 potions of lignification {unknown}
 p - a potion of flight {unknown}
 r - a potion of invisibility {unknown}
 t - a potion of degeneration {unknown}
 u - 2 potions of agility {unknown}
 z - a potion of heal wounds {unknown}
Comestibles
 c - 7 rations
 h - 4 chunks of flesh


   Skills:
 + Level 6.1 Fighting
 * Level 7.2 Maces & Flails
 + Level 5.5 Armour
 - Level 1.5 Dodging
 + Level 0.5 Shields


You had 7 spell levels left.
You didn't know any spells.
Your spell library was empty.

Dungeon Overview and Level Annotations

Branches:
Dungeon (5/15)
 Temple: D:4-7

Altars:
Cheibriados
Dithmenos
Qazlal
Trog
Wu Jian
Xom

Shops:
D:4 [*%=


Innate Abilities, Weirdness & Mutations

You are resistant to torment.
Your stone body is resilient. (AC +5)
You are immune to poison.
You resist negative energy. (rN+)
You are resistant to electric shocks. (rElec)
You can survive without breathing.
You are immune to petrification.
You are immune to rotting.


Message History

You block the ice beast's attack.
You whack the ice beast!
The ice beast is severely wounded.
The ice beast hits you but does no damage.
You hit the ice beast.
The ice beast is almost dead.
The ice beast hits you. The ice beast freezes you!
* * * LOW HITPOINT WARNING * * *
You hit the ice beast but do no damage.
The ice beast is almost dead.
The ice beast hits you.
* * * LOW HITPOINT WARNING * * *
The ice beast freezes you.
* * * LOW HITPOINT WARNING * * *
You completely miss the ice beast.
The ice beast is almost dead.
The ice beast hits you.
* * * LOW HITPOINT WARNING * * *
The ice beast freezes you!
You die...

#...#..#...... .
#............ ...
#.....#.# #.# .
###.##..((##.###..#..
#....)..#..#..#......
#..##.##.##†÷.........
#......##÷#.>.....
#.##)#............ #
#)####.@#...... #. #.#
#.†Y...... #. #.#
##.#....... #.
#.###..#.......
#.####..##.##.###..# #
#..........# .> ..
#.##.........## .. .
#............# ...
###..<........# ...


You could see an ice beast.

Vanquished Creatures
  The ghost of tilp the Chiller, an amateur MfIE (D:4)
  A water moccasin (D:5)
  A centaur (D:5)
  A gnoll sergeant (D:5)
  2 scorpions
  2 howler monkeys (D:5)
  A crimson imp (D:3)
  A hound (D:4)
  Ijyb (D:4)
  6 worker ants
  An orc wizard (D:4)
  A hound skeleton (D:4)
  6 adders
  3 gnolls (D:5)
  A shadow imp (D:5)
  2 oozes
  A worm (D:5)
  4 dart slugs
  A leopard gecko (D:4)
  19 orcs
  A giant cockroach (D:4)
  8 hobgoblins
  3 jackals (D:5)
  A ball python (D:3)
  4 bats
  8 frilled lizards
  9 goblins
  5 kobolds
  A quokka skeleton (D:4)
  8 rats
104 creatures vanquished.

Notes
Turn   | Place    | Note
-------+----------+-------------------------------------------
     0 | D:1      | rabbit the Gargoyle Berserker began the quest for the Orb.
     0 | D:1      | Reached XP level 1. HP: 14/14 MP: 1/1
   214 | D:1      | Reached XP level 2. HP: 19/19 MP: 2/2
  1091 | D:2      | Reached XP level 3. HP: 17/24 MP: 3/3
  1244 | D:2      | Reached ** piety under Trog
  1613 | D:2      | Reached skill level 4 in Maces & Flails
  1613 | D:2      | Reached XP level 4. HP: 29/29 MP: 4/4
  1830 | D:2      | Found an ornate altar of the Wu Jian Council.
  2104 | D:3      | Found a snail-covered altar of Cheibriados.
  2216 | D:3      | Reached XP level 5. HP: 33/33 MP: 5/5
  2484 | D:3      | Found a shimmering altar of Xom.
  2509 | D:3      | Found a stormy altar of Qazlal.
  2509 | D:3      | Found a bloodstained altar of Trog.
  3033 | D:3      | Found a shadowy altar of Dithmenos.
  3075 | D:4      | Found Xuizir's Jewellery Boutique.
  3076 | D:4      | Found Kamaguy's Assorted Antiques.
  3112 | D:4      | Found Poug's Food Boutique.
  3132 | D:4      | Noticed Ijyb
  3138 | D:4      | Reached skill level 5 in Maces & Flails
  3143 | D:4      | Reached XP level 6. HP: 28/39 MP: 6/6
  3144 | D:4      | Reached *** piety under Trog
  3151 | D:4      | Killed Ijyb
  3373 | D:4      | Reached skill level 5 in Fighting
  3467 | D:4      | Reached XP level 7. HP: 40/44 MP: 7/7
  3469 | D:4      | Found Foac's Antique Armour Shoppe.
  3509 | D:4      | Found a bloodstained altar of Trog.
  3886 | D:4      | Found a runed gate.
  3887 | D:4      | Found a runed gate.
  3890 | D:4      | Found a runed gate.
  3892 | D:4      | Noticed tilp's ghost (amateur MfIE)
  3914 | D:4      | Killed tilp's ghost
  3914 | D:4      | Reached skill level 6 in Maces & Flails
  4028 | D:4      | Bought a polished ring mail for 225 gold pieces
  4038 | D:4      | Identified the +3 ring mail of the Lonely Suns {rN+} (You
                  | bought it in a shop on level 4 of the Dungeon)
  4079 | D:5      | Entered Level 5 of the Dungeon
  4105 | D:5      | Reached skill level 5 in Armour
  4141 | D:5      | Reached skill level 7 in Maces & Flails
  4141 | D:5      | Reached XP level 8. HP: 38/51 MP: 8/8
  4374 | D:5      | Slain by an ice beast

Vault maps used:
D:1:      eino_arrival_tree_alley, minmay_misc_feat_room, minmay_box_of_dots
D:2:      lemuel_round_altar
D:3:      nicolae_overflow_hidden_temple, cheibriados_altar_1,
          gammafunk_temple_overflow_statue
D:4:      serial_shops, shop, nicolae_shop_crystal, shop, shop,
          ebering_ghost_rock_garden, trog_hazing_becter, uniq_ijyb
D:5:      first_ration

Skill      XL: |  1  2  3  4  5  6  7  8 |
---------------+-------------------------+-----
Maces & Flails | 4 5 7 |  7.2
Armour         | 3 4 5 |  5.5
Fighting       | 4 5 6 |  6.1
Dodging        | |  1.5
Shields        | |  0.5

Action                   |  1- 3 |  4- 6 |  7- 9 || total
-------------------------+-------+-------+-------++-------
Melee: Mace              |    79 |       |       ||    79
       War axe           |    15 |       |       ||    15
       Whip              |    11 |   162 |   117 ||   290
Invok: Berserk           |       |     2 |     2 ||     4
  Use: Scroll            |     2 |     1 |     8 ||    11
 Stab: Sleeping          |     1 |       |       ||     1
  Eat: Chunk             |     1 |     9 |     1 ||    11
       Ration            |       |       |     1 ||     1
Armor: Animal skin       |     9 |       |       ||     9
       Leather armour    |    26 |    23 |       ||    49
       Scale mail        |       |    63 |     9 ||    72
       Plate armour      |       |       |    68 ||    68
Dodge: Dodged            |    72 |    99 |    44 ||   215
Block: Shield            |       |       |     6 ||     6

Table legend:
 A = Non-vault XP
 B = Vault XP
 C = Vault XP percentage of total XP
 D = Non-vault monster count
 E = Vault monster count
 F = Vault count percentage of total count
                 A         B        C        D         E       F
            +---------+---------+-------+---------+---------+-------
      Total |    1189 |     327 |  21.6 |      94 |      10 |   9.6
            +---------+---------+-------+---------+---------+-------
        D:1 |      26 |       2 |   7.1 |      13 |       2 |  13.3
        D:2 |      72 |       0 |   0.0 |      20 |       0 |   0.0
        D:3 |      99 |       0 |   0.0 |      19 |       0 |   0.0
        D:4 |     402 |     325 |  44.7 |      27 |       8 |  22.9
        D:5 |     590 |       0 |   0.0 |      15 |       0 |   0.0
            +---------+---------+-------+---------+---------+-------
